Map: Winter Madness LE

Players

Lambo

  • Race: Zerg Zerg
  • League: Grandmaster
  • Spawn Location: 5:00

Zoun - Winner!

  • Race: Protoss Protoss
  • League: Master
  • Spawn Location: 11:00

VOD

Have the link to the VOD?

Description

Time

  • Played on: Jan. 30, 2026, 6:20 a.m.
  • Length: 13:41
Show
View Real Time Build Order
Export as new Build Order

Lambo Zerg 

Build Orders: Hatch First 

Get SALT Encoding   

  12  0:00  Drone  
  13  0:07  Drone  
  14  0:14  Extractor, Drone  
  15  0:23  Overlord  
  15  0:41  Drone  
  16  0:44  Hatchery  
  16  0:48  Drone  
  16  0:51  Drone  
  16  0:56  Drone  
  18  1:05  Extractor  
  18  1:10  Spawning Pool  
  16  1:13  Drone  
  16  1:17  Drone  
  18  1:26  Drone  
  19  1:37  Drone  
  20  1:50  Drone  
  21  1:57  Queen x2  
  21  1:59  Zergling x2  
  21  2:01  Overlord  
  26  2:07  Drone  
  27  2:09  Drone  
  28  2:16  Metabolic Boost  
  28  2:20  Drone x2  
  30  2:28  Drone  
  31  2:33  Drone, Queen  
  34  2:46  Overlord, Drone  
  35  2:51  Drone  
  36  3:00  Hatchery  
  36  3:03  Overlord x2  
  35  3:07  Drone x3  
  35  3:08  Drone  
  35  3:12  Drone x2  
  41  3:14  Drone  
  41  3:16  Drone  
  43  3:22  Queen  
  43  3:25  Drone  
  46  3:28  Drone  
  46  3:32  Drone  
  46  3:33  Spore Crawler  
  47  3:37  Queen  
  47  3:38  Drone  
  51  3:41  Drone x2  
  51  3:46  Drone x3  
  55  3:54  Roach Warren  
  55  3:55  Overlord  
  53  3:57  Zergling x6  
  56  4:02  Spore Crawler  
  56  4:06  Overlord  
  56  4:08  Drone x3  
  58  4:13  Overlord  
  58  4:17  Zergling x6  
  61  4:26  Drone  
  61  4:27  Drone  
  63  4:31  Evolution Chamber  
  63  4:32  Drone x2  
  63  4:36  Drone x2  
  66  4:39  Spore Crawler  
  66  4:42  Drone x3  
  68  4:45  Lair  
  68  4:48  Extractor  
  68  4:49  Drone  
  68  4:50  Extractor  
  68  4:51  Drone x3  
  70  4:54  Drone  
  70  4:55  Drone x2  
  70  4:56  Drone x3  
  70  4:57  Zerg Missile Weapons Level 1  
  76  5:00  Extractor  
  76  5:04  Drone x2  
  77  5:07  Drone  
  77  5:08  Drone  
  77  5:10  Drone x2  
  77  5:13  Drone x2  
  83  5:15  Overlord  
  83  5:17  Overlord  
  83  5:21  Drone x2, Extractor  
  85  5:22  Extractor  
  85  5:23  Drone, Overlord  
  84  5:31  Roach x3  
  84  5:32  Overlord  
  90  5:36  Overlord  
  90  5:38  Roach x2  
  90  5:39  Roach x2  
  98  5:44  Roach x4  
  98  5:47  Roach x2  
  98  5:48  Roach x2  
  114  5:50  Overlord  
  114  5:52  Overlord  
  114  5:56  Overlord  
  114  5:58  Overseer, Baneling Nest  
  113  6:06  Roach x3  
  113  6:07  Roach  
  113  6:10  Roach x2  
  125  6:14  Roach  
  123  6:20  Roach x5  
  128  6:30  Roach x5  
  132  6:44  Glial Reconstitution  
  132  6:45  Drone x5  
  136  6:56  Zerg Melee Weapons Level 1  
  136  6:57  Centrifugal Hooks  
  136  7:00  Roach x5  
  146  7:02  Overlord  
  146  7:04  Hatchery  
  146  7:05  Queen  
  147  7:09  Overlord  
  147  7:10  Overlord  
  147  7:12  Overlord  
  147  7:13  Ravager  
  148  7:17  Zergling x6  
  148  7:20  Zergling x2  
  148  7:21  Zergling x2  
  151  7:27  Ravager x2  
  153  7:31  Zergling x6  
  153  7:32  Ravager x3  
  159  7:43  Zergling x16  
  167  7:48  Zergling x8  
  167  7:51  Queen  
  171  7:53  Baneling x10  
  171  7:54  Zergling x4  
  174  8:02  Zergling x2  
  174  8:05  Zergling x4  
  172  8:10  Zergling x2  
  172  8:12  Zergling x6  
  172  8:15  Zergling x6  
  172  8:18  Zergling x12  
  181  8:20  Ravager  
  181  8:24  Baneling x15  
  181  8:26  Zergling x2  
  183  8:30  Ravager x3  
  183  8:32  Zergling x8  
  190  8:37  Zergling x2  
  191  8:42  Zergling x2  
  184  8:49  Zergling x16  
  169  9:01  Zergling x8  
  145  9:09  Zergling x12  
  151  9:10  Drone x4  
  151  9:13  Queen  
  157  9:18  Zergling x6  
  157  9:19  Zerg Melee Weapons Level 2  
  157  9:21  Zergling x2  
  161  9:27  Zergling x2  
  161  9:31  Zergling x4  
  163  9:34  Baneling x13  
  163  9:36  Zergling x4  
  163  9:38  Overlord x2  
  165  9:39  Zergling x2  
  165  9:40  Zergling x2, Ravager  
  165  9:44  Zergling x4  
  165  9:45  Baneling x10  
  167  9:48  Zergling x2  
  167  9:50  Queen  
  167  9:51  Zergling x8  
  174  9:55  Zergling x2  
  174  9:59  Baneling x20  
  175  10:00  Zergling x6  
  175  10:03  Zergling x4  
  181  10:07  Zergling x6  
  181  10:13  Baneling x7  
  183  10:14  Overlord  
  183  10:16  Zergling x2  
  183  10:19  Baneling x3  
  182  10:25  Zergling x8  
  161  10:36  Roach x9  
  161  10:40  Roach x2  
  161  10:47  Roach x4  
  135  10:53  Zergling x2  
  135  10:54  Zergling x6  
  113  10:59  Roach x5  
  109  11:05  Zergling x8  
  109  11:10  Drone x3  
  116  11:14  Drone  
  119  11:18  Drone x2  
  119  11:21  Drone  
  119  11:24  Drone  
  121  11:28  Ravager x2  
  121  11:30  Drone x2  
  121  11:31  Hatchery, Drone x4  
  128  11:34  Drone  
  128  11:37  Drone x3  
  132  11:40  Zergling x2  
  132  11:43  Zergling x4  
  132  11:46  Zergling x2  
  136  11:50  Zergling x6  
  136  11:53  Zergling x4  
  138  12:00  Zergling x4  
  140  12:03  Zergling x4  
  140  12:08  Zergling x10  
  147  12:14  Spine Crawler  
  146  12:16  Zergling x4  
  146  12:19  Zergling x20  
  155  12:28  Zergling x6  
  157  12:31  Roach  
  157  12:36  Roach x4  
  160  12:40  Roach  
  156  12:45  Roach x6  
  156  12:47  Roach x4  
  156  12:50  Roach  
  156  12:51  Roach  
  170  12:54  Roach x3  
  170  12:56  Ravager x3  
  170  12:57  Baneling x3  
  173  12:59  Zergling x2, Ravager x2  
  173  13:02  Roach, Zergling x2  
  173  13:03  Ravager x2  
  181  13:09  Roach x2  
Show
View Real Time Build Order
Export as new Build Order

Zoun Protoss - Winner!

Build Orders: 1 Gate Expand, Archon Immortal, Archon Drop 

Get SALT Encoding   

  12  0:00  Probe  
  13  0:12  Probe  
  14  0:18  Pylon  
  14  0:24  Probe  
  15  0:32  Probe  
  15  0:40  Probe  
  15  0:41  Gateway  
  16  0:46  Assimilator  
  17  0:50  Probe  
  18  1:03  Probe  
  19  1:15  Probe  
  20  1:23  Nexus  
  20  1:32  Cybernetics Core  
  20  1:36  Probe  
  21  1:44  Assimilator  
  21  1:48  Probe  
  21  1:51  Pylon  
  22  1:57  Stalker  
  22  2:00  Probe  
  23  2:12  Probe  
  26  2:16  Forge  
  26  2:22  Warp Gate  
  26  2:24  Probe  
  27  2:31  Adept  
  27  2:32  Probe  
  27  2:33  Probe  
  31  2:40  Probe  
  31  2:43  Probe, Pylon  
  31  2:45  Protoss Ground Weapons Level 1  
  33  2:51  Probe  
  34  2:59  Twilight Council  
  34  3:00  Probe  
  34  3:05  Probe  
  36  3:09  Adept  
  36  3:12  Probe  
  39  3:17  Gateway  
  39  3:18  Probe  
  40  3:24  Probe  
  40  3:25  Pylon  
  41  3:30  Probe  
  42  3:36  Charge  
  42  3:37  Probe  
  43  3:44  Probe  
  44  3:49  Probe  
  44  3:52  Nexus  
  45  3:57  Pylon  
  45  3:59  Probe  
  46  4:04  Robotics Facility  
  46  4:06  Assimilator  
  46  4:07  Assimilator  
  46  4:08  Probe  
  47  4:15  Shield Battery  
  47  4:16  Probe  
  48  4:24  Probe  
  48  4:25  Templar Archives  
  48  4:28  Probe  
  50  4:32  Gateway  
  50  4:33  Gateway  
  50  4:36  Probe  
  51  4:42  Protoss Ground Weapons Level 2  
  51  4:44  Gateway x2, Warp Prism  
  51  4:46  Probe  
  54  5:04  High Templar x2  
  58  5:07  Probe  
  58  5:08  Pylon, Archon  
  58  5:09  Probe  
  58  5:10  Probe  
  61  5:19  Probe, Observer  
  63  5:21  Probe  
  63  5:22  Probe  
  63  5:26  Gateway  
  63  5:27  Gateway  
  65  5:30  Probe  
  65  5:31  Probe x2  
  68  5:38  Probe  
  68  5:40  High Templar x2, Zealot  
  68  5:42  Zealot  
  77  5:43  Probe, Archon  
  77  5:44  Zealot  
  77  5:46  Pylon  
  80  5:50  Probe x2  
  80  5:52  Pylon  
  80  5:57  Pylon  
  82  6:08  Immortal, Zealot  
  82  6:09  Zealot x3  
  90  6:14  Probe  
  90  6:15  Probe  
  90  6:18  Probe  
  89  6:27  Probe  
  90  6:36  Assimilator  
  84  6:41  Sentry x2  
  84  6:42  Immortal  
  84  6:46  Probe x2, Assimilator  
  88  6:47  Photon Cannon x2  
  88  6:51  Shield Battery  
  88  6:52  Photon Cannon  
  88  6:53  Pylon  
  92  6:56  Blink  
  92  6:57  Pylon  
  92  6:59  Probe x2  
  92  7:01  Photon Cannon  
  94  7:02  Zealot x3  
  94  7:03  Zealot  
  94  7:08  High Templar x2  
  106  7:10  Shield Battery  
  106  7:11  Shield Battery  
  106  7:12  Immortal, Archon, Photon Cannon  
  106  7:16  Zealot  
  106  7:19  Sentry, Protoss Ground Armor Level 1  
  114  7:27  Zealot x2  
  118  7:33  Photon Cannon  
  118  7:40  Stalker x3  
  124  7:49  Pylon  
  124  7:51  Photon Cannon  
  124  7:57  Pylon  
  124  7:58  Pylon, Immortal  
  124  7:59  Shield Battery  
  124  8:03  Pylon  
  124  8:09  High Templar x2  
  124  8:10  Zealot x2  
  124  8:11  Zealot  
  130  8:13  Archon  
  130  8:20  High Templar x2  
  130  8:21  Zealot  
  130  8:25  Archon  
  136  8:33  Stalker x3  
  142  8:36  Immortal  
  146  8:45  Gateway x2, Stalker x3  
  131  8:56  Stalker x2  
  131  9:01  Stalker  
  123  9:06  Immortal, Stalker x2  
  123  9:08  Shield Battery  
  123  9:10  Zealot x3  
  133  9:21  Protoss Ground Weapons Level 3  
  133  9:24  Psionic Storm  
  133  9:27  Probe x2  
  133  9:28  Probe  
  136  9:35  Stalker  
  136  9:37  Nexus  
  138  9:38  Pylon  
  136  9:46  High Templar x2  
  136  9:48  Warp Prism  
  138  9:55  Pylon, Zealot  
  140  10:04  High Templar x2  
  140  10:05  Zealot x3  
  140  10:06  Zealot  
  152  10:09  Archon  
  152  10:14  Pylon  
  152  10:19  Stalker x3  
  158  10:28  Zealot x4  
  152  10:37  Archon  
  152  10:38  Stalker x2  
  132  10:43  Stalker  
  132  10:49  Stalker x2  
  126  10:52  Probe  
  113  11:07  High Templar x2  
  115  11:12  Sentry  
  115  11:16  Zealot  
  117  11:20  High Templar  
  117  11:21  Photon Cannon  
  117  11:24  Photon Cannon  
  119  11:34  Nexus  
  119  11:35  Pylon, High Templar  
  119  11:36  High Templar  
  123  11:40  Archon, Zealot x3  
  129  11:54  High Templar  
  129  11:55  High Templar, Zealot x3  
  129  11:59  Shield Battery, Archon  
  129  12:00  Photon Cannon  
  139  12:10  Zealot x2  
  143  12:17  Photon Cannon  
  143  12:23  Photon Cannon  
  143  12:24  Zealot x4  
  147  12:34  Zealot x4  
  153  12:41  Zealot x3  
  153  12:50  Zealot x3  
  157  12:56  High Templar x4  
  161  13:00  Archon x2  
  161  13:03  Zealot x2  
  165  13:06  Zealot  
  163  13:15  Zealot x3  
  165  13:28  Archon  
  138  13:34  Zealot x6  
Tags
 
Add a new tag
Caveats
  • Supply blocks, unpowered buildings, or Contaminate may cause inaccurate times.
  • Supply counts are checked every 10 seconds.